 Dungeon Crawl Stone Soup version 0.32-a0-818-gb728d0252e (webtiles) character file.

Game seed: 6599597891175050350

78571 Aldia the Blocker (level 14, -2/121 HPs)
             Began as a Demigod Conjurer on Mar 24, 2024.
             Slain by Erolcha
             ... wielding a +0 giant club
              (23 damage)
             ... on level 12 of the Dungeon.
             The game lasted 01:00:36 (29765 turns).

Aldia the Blocker (Demigod Conjurer)               Turns: 29765, Time: 01:00:37

Health: -2/121     AC: 21    Str:  8    XL:     14   Next: 77%
Magic:  1/32       EV: 13    Int: 45    God:
Gold:   1712       SH: 16    Dex: 12    Spells: 6/33 levels left

rFire   + . .        Y - staff of earth
rCold   + + .        t - +0 kite shield {rC+}
rNeg    . . .        X - +2 robe {rC+ rF+}
rPois   +            v - +0 helmet of the Learner {rPois Int+3}
rElec   .            z - +1 cloak
rCorr   .            Z - +2 pair of gloves
SInv    .            x - +2 pair of boots
Will    +....        Q - amulet of reflection
Stlth   ++           R - ring of the Tortoise {AC+8}
HPRegen 0.40/turn    N - +6 ring of intelligence
MPRegen 0.23/turn

%: reflection
@: studying 2 skills
A: high MP 1, forlorn, divine attributes
a: no special abilities


You were on level 12 of the Dungeon.
You visited 4 branches of the dungeon, and saw 20 of its levels.
You also visited: Gauntlet and Ice Cave.

You collected 3268 gold pieces.
You spent 1556 gold pieces at shops.

Inventory:

Hand Weapons
 F - a +2 short sword of electrocution
Missiles
 q - a throwing net
Armour
 t - a +0 kite shield of cold resistance (worn)
 v - the +0 helmet of the Learner (worn) {rPois Int+3}
   (You took it off Robin on level 4 of the Dungeon)

   Int+3:     It affects your intelligence (+3).
   rPois:     It protects you from poison.
 x - a +2 pair of boots (worn)
 z - a +1 cloak (worn)
 C - the +0 ring mail of Card Tricks {+Blink rC+ Regen+ Str+4}
   (You found it on level 7 of the Dungeon)

   Str+4:     It affects your strength (+4).
   rC+:       It protects you from cold.
   +Blink:    It lets you blink.
   Regen+:    It increases your rate of health regeneration.
 O - a +0 troll leather armour
 X - a +2 robe of resistance (worn)
 Z - a +2 pair of gloves (worn)
Magical Staves
 Y - a staff of earth (weapon)
Jewellery
 a - a ring of see invisible
 j - a ring of poison resistance
 B - a +5 ring of evasion
 K - a +5 ring of evasion
 M - a ring of positive energy
 N - a +6 ring of intelligence (right hand)
 Q - an amulet of reflection (around neck)
 R - the ring of the Tortoise (left hand) {AC+8}
   (You found it in a Gauntlet)

   [ring of protection]

   AC+8:      It affects your AC (+8).
 V - an amulet of the acrobat
 W - the ring of the Sky {Ice Dex+3 Slay+2}
   (You found it in a Gauntlet)

   [ring of ice]

   Ice:       It enhances your ice magic.
   Dex+3:     It affects your dexterity (+3).
   Slay+2:    It affects your accuracy & damage with ranged weapons and melee
   (+2).
   rF-:       It makes you vulnerable to fire.
   rC+:       It protects you from cold.
Wands
 r - a wand of paralysis (14)
 u - a wand of warping (5)
 G - a wand of digging (1)
 T - a wand of polymorph (3)
Scrolls
 d - 4 scrolls of immolation
 e - 3 scrolls of fog
 f - a scroll of revelation
 m - 6 scrolls of blinking
 o - 2 scrolls of enchant weapon
 s - 2 scrolls of poison
 y - 4 scrolls of teleportation
 E - 5 scrolls of noise
 I - a scroll of silence
 L - a scroll of vulnerability
 P - a scroll of identify
 U - 2 scrolls of amnesia
Potions
 b - 3 potions of magic
 c - a potion of enlightenment
 g - 2 potions of berserk rage
 h - 2 potions of resistance
 i - 5 potions of mutation
 k - 3 potions of haste
 l - 11 potions of curing
 n - 4 potions of attraction
 p - 3 potions of might
 w - a potion of cancellation
 A - 2 potions of lignification
 H - a potion of brilliance
 J - a potion of ambrosia
Miscellaneous
 D - a box of beasts (inert)
 S - a lightning rod (3/4)


   Skills:
 - Level 10.0 Fighting
 + Level 9.7 Dodging
 - Level 3.0 Stealth
 * Level 10.7 Shields
 - Level 10.0 Spellcasting
 - Level 9.0 Conjurations
 - Level 5.0 Translocations
 + Level 8.1 Ice Magic
 + Level 9.8 Earth Magic
 - Level 5.0 Alchemy
 - Level 5.0 Evocations


You had 6 spell levels left.
You knew the following spells:

 Your Spells              Type           Power      Damage    Failure   Level
a - Magic Dart            Conj           100%       1d8       1%          1
b - Searing Ray           Conj           100%       2d8       1%          2
c - Fulminant Prism       Conj/Alch      35%        3d17      2%          4
d - Iskenderun's Mystic   Conj/Tloc      71%        2d14      2%          4
e - Stone Arrow           Conj/Erth      100%       3d13      1%          3
f - Lee's Rapid Deconstr  Erth           52%        3d25*     1%          5
g - Permafrost Eruption   Ice/Erth       50%        2x4d14    16%         6
h - Blink                 Tloc           100%       N/A       1%          2

Your spell library contained the following spells:

 Spells                   Type           Power      Damage    Failure   Level
 Ensorcelled Hibernation  Hex/Ice        100%       N/A       1%          2
 Leda's Liquefaction      Alch/Erth      46%        N/A       1%          4
 Necrotise                Necr           88%        1d8       4%          1
 Slow                     Hex            88%        N/A       4%          1
 Animate Armour           Summ/Erth      100%       N/A       5%          4
 Call Imp                 Summ           44%        N/A       6%          2
 Confusing Touch          Hex            22%        N/A       12%         3
 Fugue of the Fallen      Necr           22%        N/A       12%         3
 Vampiric Draining        Necr           22%        2d7       12%         3
 Anguish                  Hex/Necr       11%        N/A       38%         4
 Martyr's Knell           Necr/Summ      22%        N/A       38%         4
 Summon Forest            Summ/Tloc      22%        N/A       38%         5
 Curse of Agony           Necr           22%        N/A       75%         5
 Summon Mana Viper        Hex/Summ       22%        N/A       75%         5
 Summon Cactus Giant      Summ           11%        N/A       99%         6
 Lehudib's Crystal Spear  Conj/Erth      51%        10d12     99%         8
 Chain Lightning          Conj/Air       29%        3d38      100%        9
 Fire Storm               Conj/Fire      29%        8d7       100%        9
 Shatter                  Erth           52%        3d40*     100%        9


Dungeon Overview and Level Annotations

Branches:
Dungeon (12/15)            Temple (1/1) D:4            Lair (5/5) D:8
 Shoals (0/4) Lair:2       Spider (0/4) Lair:3        Slime (0/5) Lair:5
    Orc (2/2) D:11            Elf (0/3) Orc:2         IceCv (visited)
Gauntlet (visited)

Shops:
D:3 :   D:4 =*(   D:5 !   D:7 !(:   D:10 *   D:11 [   Orc:1 :   Orc:2 [([:

Annotations:
D:10 1 runed translucent door, Krumphau's ghost, journeyman DjHW
D:12 Erolcha


Innate Abilities, Weirdness & Mutations

You have an increased reservoir of magic. (+10% MP)
You shall have no god before yourself.
Your divine heritage dramatically boosts your attributes as you level up.


Message History

Your juvenile weirdbat beast closely misses the deep elf pyromancer.
Your juvenile weirdbat beast grabs the deep elf pyromancer.
Your juvenile weirdbat beast constricts the deep elf pyromancer!
Unknown command.
Casting: Lee's Rapid Deconstruction (mildly dangerous; 1% risk of failure)
Confirm with . or Enter, or press ? or * to list all spells.
You can't see any susceptible monsters within range! (Use Z to cast anyway.)
Casting: Lee's Rapid Deconstruction (mildly dangerous; 1% risk of failure)
Confirm with . or Enter, or press ? or * to list all spells.
You erupt in a blast of force!
The mystic blast hits something!
Your juvenile weirdbat beast hits the deep elf pyromancer.
Your juvenile weirdbat beast constricts the deep elf pyromancer.
The deep elf pyromancer gestures wildly while chanting.
The deep elf pyromancer blinks free of your juvenile weirdbat beast.
The deep elf pyromancer blinks free!
Unknown command.
Unknown command.
Unknown command.
You closely miss the deep elf pyromancer.
The deep elf pyromancer is moderately wounded.
The deep elf pyromancer closely misses you.
Something hits you!
* * * LOW HITPOINT WARNING * * *
Unknown command.
Unknown command.
Your juvenile weirdbat beast completely misses the deep elf pyromancer.
Your juvenile weirdbat beast grabs the deep elf pyromancer.
Your juvenile weirdbat beast constricts the deep elf pyromancer!
The deep elf pyromancer escapes!
Unknown command.
Press: ? - help, v - describe, . - travel
Here: a deep elf pyromancer, wielding the +8 broad axe of Guilt {heavy, rPois Dex+4 SInv} and wearing a +0 chain mail (heavily wounded, ally target)
The floor.
You hit something but do no damage.
Your juvenile weirdbat beast hits the deep elf pyromancer!
Your juvenile weirdbat beast grabs the deep elf pyromancer.
Your juvenile weirdbat beast constricts the deep elf pyromancer!
The deep elf pyromancer dies!
Something hits you!!
You die...

..#≈≈≈≈# ...#
..#≈≈t≈#+####+.... ..
..######........ ..
.........####.##+#+# O#
.##................# .#
###.#....#....##...##.####
.........#....##...#.....#
#+#...........>........#
......###.......@.##...#
......# #.#.#.##$.H...#.#
.)...## ###......###..# #
.....# #......# #.##
.....# ###.#..# ..# .....#
#.#..# .## ...... .....#..
.....# # .#.##.# .....#
... ..


You could see a friendly juvenile weirdbat beast (summoned).

Vanquished Creatures
  2 orc warlords
  A dire elephant (Lair:4)
  A minotaur (Gauntlet)
  Azrael (D:12)
  An ettin (Orc:2)
  A catoblepas (Lair:5)
  2 ogre magi (Orc:2)
  2 ironbound frosthearts (IceCv)
  2 hydras
  2 boulder beetles
  9 two-headed ogres
  A deep troll shaman (Lair:5)
  9 death yaks
  2 deep trolls
  3 orc knights
  A lindwurm (Lair:5)
  An obsidian bat (Orc:1)
  3 deep elf pyromancers (Orc:2)
  6 deep elf zephyrmancers (Orc:2)
  A necromancer (Gauntlet)
  A wolf spider (Lair:3)
  4 orc sorcerers
  3 cyclopes
  An ugly thing (IceCv)
  25 elephants
  A moth of wrath (Gauntlet)
  4 black mambas
  A kobold blastminer (Orc:1)
  An ice statue (IceCv)
  2 cane toads
  4 rime drakes
  8 komodo dragons
  3 merfolk (Lair:2)
  13 trolls
  A hornet (D:9)
  16 polar bears
  9 blink frogs
  Sigmund (D:2)
  A shadow (D:11)
  64 yaks
  A wraith (D:12)
  3 basilisks
  A fire elemental (D:12)
  2 wargs
  6 wyverns
  4 redbacks
  A steam dragon (Lair:4)
  2 acid dragons
  11 water moccasins
  3 hell hounds (D:12)
  14 orc warriors
  2 black bears (Lair:5)
  An ice beast (D:6)
  A sky beast (D:7)
  21 ogres
  35 wolves
  5 centaurs
  3 phantoms
  5 kobold brigands
  13 bullfrogs
  3 gnoll sergeants
  3 scorpions
  3 electric eels
  2 howler monkeys (D:9)
  4 hounds
  2 jellies
  8 orc priests
  A gnoll bouda (D:5)
  A sleepcap (D:6)
  2 iguanas
  6 hell rats
  20 orc wizards
  Robin (D:4)
  19 gnolls
  13 adders
  A shadow imp (D:8)
  3 white imps
  3 ribbon worms (D:2)
  5 dart slugs
  60 orcs
  8 ball pythons
  3 bats (D:2)
  7 endoplasms
  3 giant cockroaches
  14 goblins
  8 hobgoblins
  2 jackals
  6 quokkas
  5 frilled lizards
  30 kobolds
  6 rats
600 creatures vanquished.

Vanquished Creatures (collateral kills)
  A deep elf pyromancer (D:12)
  A merfolk siren (Lair:2)
  An orc warrior (Orc:2)
  An orc (Orc:2)
4 creatures vanquished.

Vanquished Creatures (others)
  95 fulminant prisms
95 creatures vanquished.

Grand Total: 699 creatures vanquished

Notes
Turn   | Place    | Note
-------+----------+-------------------------------------------
     0 | D:1      | Aldia the Demigod Conjurer began the quest for the Orb.
     0 | D:1      | Reached XP level 1. HP: 14/14 MP: 5/5
   319 | D:1      | Reached XP level 2. HP: 20/20 MP: 0/7
   350 | D:1      | Learned a level 2 spell: Searing Ray
   945 | D:2      | Noticed Sigmund
  1174 | D:2      | HP: 1/20 [Sigmund/+0 scythe (11)]
  1176 | D:2      | Killed Sigmund
  1177 | D:2      | Reached skill level 5 in Conjurations
  1177 | D:2      | Reached XP level 3. HP: 2/26 MP: 1/9
  1177 | D:2      | Reached XP level 4. HP: 3/33 MP: 1/11
  1177 | D:2      | Reached XP level 5. HP: 3/38 MP: 1/12
  1182 | D:2      | Learned a level 4 spell: Fulminant Prism
  3031 | D:3      | Identified the +1 dagger "Woxto" {heavy, ^Fragile Int+2
                  | Dex+3 Stlth+}
  3085 | D:3      | Reached skill level 1 in Fighting
  3085 | D:3      | Reached XP level 6. HP: 37/47 MP: 8/13
  3090 | D:3      | Learned a level 4 spell: Iskenderun's Mystic Blast
  3237 | D:3      | Found Uziyni Xion's Book Boutique.
  3508 | D:4      | Reached skill level 1 in Alchemy
  3514 | D:4      | Identified the +0 leather armour of Inquiry {Int+4}
  3709 | D:4      | Found Anwu Zamm's Jewellery Boutique.
  3846 | D:4      | Found Oleif's General Store.
  3854 | D:4      | Bought a scroll of revelation for 75 gold pieces
  3854 | D:4      | Bought a potion of might for 40 gold pieces
  3965 | D:4      | Found Futzus's Weapon Boutique.
  4279 | D:4      | Found a staircase to the Ecumenical Temple.
  4305 | Temple   | Entered the Ecumenical Temple
  4498 | D:4      | Identified the +0 helmet of the Learner {rPois Int+3}
  4498 | D:4      | Noticed Robin
  4508 | D:4      | Killed Robin
  4658 | D:5      | Entered Level 5 of the Dungeon
  4670 | D:5      | Reached XP level 7. HP: 35/55 MP: 0/15
  5095 | D:5      | Reached skill level 1 in Translocations
  5368 | D:5      | Reached XP level 8. HP: 57/61 MP: 9/17
  5428 | D:5      | Found Wivueg's Distillery.
  5457 | D:5      | Bought a potion of mutation for 96 gold pieces
  5969 | D:6      | Reached skill level 5 in Alchemy
  7388 | D:7      | Identified the +0 ring mail of Card Tricks {+Blink rC+
                  | Regen+ Str+4}
  7571 | D:7      | Found a transporter.
  7571 | D:7      | Found Camiv's Book Shop.
  7620 | D:7      | Found Suzaz's Weapon Boutique.
  7672 | D:7      | Reached skill level 5 in Spellcasting
  7753 | D:7      | Found Qimoxejo's Distillery.
  7761 | D:7      | Bought a potion of invisibility for 88 gold pieces
  8090 | D:7      | Found a transporter.
  8236 | D:8      | Reached XP level 9. HP: 70/70 MP: 15/20
  8493 | D:8      | Found a staircase to the Lair.
  9295 | D:9      | Reached skill level 5 in Translocations
 10501 | D:10     | Entered Level 10 of the Dungeon
 10533 | D:10     | Found a runed translucent door.
 10685 | D:10     | Reached XP level 10. HP: 80/80 MP: 14/23
 11062 | D:10     | Found Biutan's General Store.
 11134 | D:10     | Reached skill level 5 in Fighting
 11134 | D:10     | Reached skill level 5 in Dodging
 11422 | D:10     | Identified the +8 trident "Yzyamidy" {flame, Int+4}
 11422 | D:10     | Noticed Krumphau's ghost (journeyman DjHW)
 11821 | D:11     | Found a gate leading to a gauntlet.
 11834 | Gauntlet | Entered a Gauntlet
 11834 | Gauntlet | Found a transporter.
 11836 | Gauntlet | Noticed a necromancer
 11859 | Gauntlet | Found a transporter.
 11866 | Gauntlet | Noticed a smoke demon
 11868 | Gauntlet | Found a runed translucent door.
 11870 | Gauntlet | Found a transporter.
 11872 | Gauntlet | Found a transporter.
 11880 | Gauntlet | Found a transporter.
 11889 | Gauntlet | Noticed an orange crystal statue
 11895 | Gauntlet | Found a runed translucent gate.
 11896 | Gauntlet | Found a transporter.
 11896 | Gauntlet | Found a runed translucent gate.
 11897 | Gauntlet | Found a runed translucent gate.
 11909 | Gauntlet | Found a transporter.
 11917 | Gauntlet | Noticed a death yak
 11918 | Gauntlet | Found the ring of the Tortoise {AC+8}
 11920 | Gauntlet | Noticed a death yak
 11920 | Gauntlet | Noticed a death yak
 11920 | Gauntlet | Noticed a death yak
 11921 | Gauntlet | Found a transporter.
 11922 | Gauntlet | Noticed a death yak
 11924 | Gauntlet | Noticed a moth of wrath
 11931 | Gauntlet | Noticed a death yak
 11934 | Gauntlet | Noticed a torpor snail
 11935 | Gauntlet | Found a transporter.
 11935 | Gauntlet | Found a transporter.
 11949 | Gauntlet | Found a transporter.
 11961 | Gauntlet | Found a transporter.
 11961 | Gauntlet | Found a transporter.
 12029 | Gauntlet | Noticed an oklob plant
 12050 | Gauntlet | Found a transporter.
 12067 | Gauntlet | Killed a necromancer
 12350 | Gauntlet | Killed a moth of wrath
 12495 | Gauntlet | Noticed a minotaur
 12510 | Gauntlet | Killed a minotaur
 12520 | Gauntlet | Identified the +0 robe of the Mashing Gods {^Drain +Inv
                  | rN+++ rCorr}
 12520 | Gauntlet | Identified the ring of the Sky {Ice Dex+3 Slay+2}
 12674 | D:11     | Noticed a cyclops
 12683 | D:11     | Killed a cyclops
 12696 | D:11     | Reached XP level 11. HP: 68/89 MP: 1/26
 13164 | D:11     | Found a staircase to the Orcish Mines.
 13164 | D:11     | Noticed an orc knight
 13165 | D:11     | Found Ruosushi's Armour Shoppe.
 13179 | D:11     | Killed an orc knight
 13280 | D:11     | Bought a +0 pair of gloves for 49 gold pieces
 13823 | D:3      | Bought a book of Armaments for 432 gold pieces
 13827 | D:3      | Learned a level 3 spell: Stone Arrow
 13946 | Lair:1   | Entered Level 1 of the Lair of Beasts
 14278 | Lair:1   | Reached skill level 1 in Earth Magic
 14640 | Lair:1   | Identified the +1 leather armour of the Lost Things {Str+2
                  | Dex+3}
 15629 | Lair:2   | You fall into a shaft and drop 1 floor!
 15740 | Lair:3   | Found a hole to the Spider Nest.
 15781 | Lair:3   | Found a frozen archway.
 15789 | IceCv    | Entered an ice cave
 16184 | IceCv    | Reached XP level 12. HP: 59/101 MP: 0/29
 16653 | IceCv    | Identified a scroll of acquirement
 16654 | IceCv    | Acquired a manual of Earth Magic
 16830 | IceCv    | Reached skill level 5 in Earth Magic
 16967 | IceCv    | Noticed an ironbound frostheart
 16968 | IceCv    | Noticed an ironbound frostheart
 16977 | IceCv    | Killed an ironbound frostheart
 17390 | IceCv    | Killed an ironbound frostheart
 17391 | IceCv    | Reached skill level 1 in Evocations
 18022 | Lair:2   | Noticed a boulder beetle
 18086 | Lair:2   | Killed a boulder beetle
 18305 | Lair:2   | Reached skill level 1 in Shields
 18355 | Lair:2   | Found a staircase to the Shoals.
 18407 | Lair:2   | Acquired 1224 gold pieces
 18538 | D:7      | Bought a book of the Earth for 504 gold pieces
 18544 | D:7      | Learned a level 5 spell: Lee's Rapid Deconstruction
 18551 | D:7      | Learned a level 6 spell: Permafrost Eruption
 19978 | Lair:3   | Reached XP level 13. HP: 111/111 MP: 26/31
 21712 | Lair:4   | Reached skill level 10 in Spellcasting
 21742 | Lair:4   | Reached skill level 5 in Shields
 22152 | Lair:4   | Noticed a dire elephant
 22770 | Lair:4   | Killed a dire elephant
 22771 | Lair:4   | Reached skill level 5 in Evocations
 23121 | Lair:5   | Entered Level 5 of the Lair of Beasts
 23949 | Lair:5   | Found a staircase to the Slime Pits.
 24511 | Lair:5   | Reached skill level 1 in Ice Magic
 25578 | Orc:1    | Entered Level 1 of the Orcish Mines
 25611 | Orc:1    | Reached XP level 14. HP: 118/118 MP: 18/32
 25700 | Orc:1    | Found Tiuddatyl's Self-Improvement Boutique.
 25983 | Orc:2    | Entered Level 2 of the Orcish Mines
 26125 | Orc:2    | Noticed an orc warlord
 26129 | Orc:2    | Paralysed by an orc sorcerer for 3 turns
 26140 | Orc:2    | Killed an orc warlord
 26153 | Orc:2    | Reached skill level 5 in Ice Magic
 26697 | Orc:2    | Found a staircase to the Elven Halls.
 27288 | Orc:1    | Noticed an orc warlord
 27298 | Orc:1    | Paralysed by an orc sorcerer for 4 turns
 27306 | Orc:1    | Paralysed by an orc sorcerer for 3 turns
 27685 | Orc:2    | Reached skill level 10 in Fighting
 27692 | Orc:1    | Reached skill level 10 in Shields
 28440 | Orc:2    | Found Ovet's Antique Armour Boutique.
 28441 | Orc:2    | Found Warull's Weapon Shop.
 28447 | Orc:2    | Found Feyk's Antique Armour Emporium.
 28456 | Orc:2    | Found Qidyity's Book Boutique.
 28508 | Orc:2    | Bought a book of Minor Magic for 272 gold pieces
 28511 | Orc:2    | Learned a level 2 spell: Blink
 28865 | Orc:1    | Killed an orc warlord
 29738 | D:12     | Noticed Azrael
 29748 | D:12     | Identified the +8 broad axe of Guilt {heavy, rPois Dex+4
                  | SInv}
 29752 | D:12     | Noticed Erolcha
 29753 | D:12     | Killed Azrael
 29765 | D:12     | Slain by Erolcha

Illustrated notes

Levels and vault maps discovered:
D:1:      evilmike_arrival_plus, layout_basic, minmay_quantized
D:2:      minmay_razor_zed, layout_loops_ring, basic_altar, uniq_sigmund
D:3:      minmay_door_path, layout_loops_ring, serial_shops, shop_statue
D:4:      layout_layer_cave, minmay_temple_entry_junction, serial_shops,
          nicolae_shop_tiny_real_fake_doors, shop, shop, uniq_robin
D:5:      layout_cave_pools, serial_shops, shop, amcnicky_mini_corridor_feature,
          minmay_small_thing
D:6:      layout_gridville, mainiacjoe_overflow_boulevard, minitemple,
          grunt_ministairs_8, minmay_misc_feat_plants
D:7:      layout_loops_ring, serial_shops, shop, shop, nicolae_shop_drivethru
D:8:      layout_loops_cross, lair_entry_dummy, minmay_crystal_water
D:9:      layout_grid_maze
D:10:     layout_roguey, ebering_ghost_funeral_grove, nicolae_take_the_stairs
D:11:     layout_small_grid, orc_david_3, gauntlet_entry_generic,
          serial_bayou_ford_a
D:12:     minmay_the_grid_four_pointed_star_mashed
          [minmay_the_grid_triangle_9x9_cache,
          minmay_the_grid_triangle_9x9_limited_checkers,
          minmay_the_grid_triangle_9x9_from_above,
          minmay_the_grid_triangle_9x9_flanged_cone,
          minmay_the_grid_prize_trominoes], layout_basic, serial_aquarium,
          aquarium_bridge_square [aquarium_subvault_window,
          aquarium_subvault_bridge, aquarium_subvault_bridge,
          aquarium_subvault_wall], aquarium_window_corner,
          aquarium_window_corridor_1, aquarium_window_corner, aquarium_window_1,
          aquarium_view_2d, aquarium_view_2f, aquarium_balcony_1a,
          aquarium_pool_split, uniq_azrael, uniq_erolcha
Temple:   mainiacjoe_temple_bowtie_tessellation
Lair:1:   layout_small_grid, beast_lair_carwin_6
Lair:2:   layout_roguey, elwin_shoals_entry_stream
Lair:3:   layout_layer_cave, spider_nest_entry_rubble,
          portal_ice_cave_entry_pillars_1
Lair:4:   layout_layer_cave, beast_lair_carwin_10
Lair:5:   grunt_lair_end_beastmaster, layout_cave_pods, slime_entry_1
Orc:1:    layout_diamond_mine, nicolae_shop_self_help
Orc:2:    st_orc_open, layout_diamond_mine, elves_outpost_lemuel

Skill      XL: |  1  2  3  4  5  6  7  8  9 10 11 12 13 14 |
---------------+-------------------------------------------+-----
Stealth        | 2 3 |  3.0
Spellcasting   | 2 3 4 5 6 7 8 9 10 | 10.0
Conjurations   | 5 6 8 9 |  9.0
Fighting       | 1 2 3 4 6 8 9 10 | 10.0
Alchemy        | 2 4 5 |  5.0
Dodging        | 2 3 4 6 8 9 |  9.7
Translocations | 1 4 5 |  5.0
Earth Magic    | 4 7 9 |  9.8
Evocations     | 3 5 |  5.0
Shields        | 2 8 10 | 10.7
Ice Magic      | 4 8 |  8.1

Action                     |  1- 3 |  4- 6 |  7- 9 | 10-12 | 13-15 || total
---------------------------+-------+-------+-------+-------+-------++-------
  Melee: Dagger            |    28 |     4 |    20 |       |       ||    52
         Short sword       |       |       |     5 |    25 |       ||    30
         Staff             |       |       |       |   109 |   223 ||   332
   Cast: Magic Dart        |    41 |   157 |   179 |    74 |       ||   451
         Searing Ray       |     3 |     6 |    29 |    14 |       ||    52
         Fulminant Prism   |       |     2 |    15 |    47 |    31 ||    95
         Iskenderun's Myst |       |       |     4 |    15 |     9 ||    28
         Stone Arrow       |       |       |       |   206 |   332 ||   538
         Lee's Rapid Decon |       |       |       |     4 |    36 ||    40
         Permafrost Erupti |       |       |       |       |     1 ||     1
  Evoke: Wand              |       |       |       |    18 |     4 ||    22
         Lightning rod     |       |       |       |     7 |     1 ||     8
         Box of beasts     |       |       |       |     1 |     2 ||     3
    Use: Scroll            |       |     7 |    10 |    17 |     3 ||    37
         Potion            |       |       |       |     7 |       ||     7
   Stab: Sleeping          |     1 |       |     1 |       |       ||     2
         Petrified         |       |       |       |       |     3 ||     3
 Armour: Robe              |    15 |     7 |       |       |    86 ||   108
         Leather armour    |       |    17 |    71 |    15 |       ||   103
         Troll leather arm |       |       |       |   211 |   210 ||   421
  Dodge: Dodged            |    20 |    15 |   100 |   246 |   308 ||   689
  Block: Other             |       |       |       |    59 |    58 ||   117
         Reflection        |       |       |       |     2 |    10 ||    12
         Kite shield       |       |       |       |       |   218 ||   218

Table legend: (Time is in decaauts)
 A = Elapsed time spent in this place.
 B = Non-inter-level travel time spent in this place.
 C = Inter-level travel time spent in this place.
 D = Time resting spent in this place.
 E = Time spent auto-exploring this place.
 F = Levels seen in this place.
 G = Mean time per level.
                   A        B        C        D        E       F      G
               +--------+--------+--------+--------+--------+-----+--------+
         Total |  29897 |  28391 |   1506 |   1752 |  22469 |  22 | 1359.0 |
       Dungeon |  14039 |  13021 |   1018 |    341 |  11099 |  12 | 1169.9 |
        Temple |      1 |      1 |      0 |      0 |      0 |   1 |    1.0 |
          Lair |   9432 |   9164 |    268 |     65 |   7806 |   5 | 1886.4 |
  Orcish Mines |   3700 |   3481 |    219 |    950 |   1949 |   2 | 1850.0 |
      Ice Cave |   2023 |   2023 |      0 |    155 |   1412 |   1 | 2023.0 |
      Gauntlet |    700 |    700 |      0 |    241 |    202 |   1 |  700.0 |
               +--------+--------+--------+--------+--------+-----+--------+

Top non-repeatable levels by time:
  Lair:5: 2321 daAuts
  Lair:4: 2303 daAuts
   IceCv: 2023 daAuts
   Orc:1: 2010 daAuts
  Lair:1: 1704 daAuts
   Orc:2: 1689 daAuts
  Lair:3: 1634 daAuts
     D:2: 1575 daAuts
     D:4: 1520 daAuts
  Lair:2: 1469 daAuts
     D:9: 1364 daAuts
     D:6: 1339 daAuts
    D:10: 1321 daAuts
    D:11: 1313 daAuts
     D:8: 1114 daAuts
